 Dungeon Crawl Stone Soup version 0.21.1-1-g345015f (webtiles) character file.

55961 suicidejoker the Quickloader (level 14, 0/112 HPs)
             Began as a Minotaur Hunter on Mar 18, 2018.
             Was a High Priest of Cheibriados.
             Slain by Donald
             ... wielding a +0 double sword of holy wrath
              (23 damage)
             ... on level 2 of the Orcish Mines.
             The game lasted 01:25:28 (16449 turns).

suicidejoker the Quickloader (Minotaur Hunter)     Turns: 16449, Time: 01:25:29

Health: 0/112      AC: 21    Str: 31    XL:     14   Next: 40%
Magic:  13/18      EV: 27    Int: 27    God:    Cheibriados [*****.]
Gold:   1273       SH:  0    Dex: 34    Spells: 13/13 levels left

rFire    . . .     SeeInvis .   K - +1 spear (freeze)
rCold    + . .     Gourm    .   (no shield)
rNeg     . . .     Faith    +   T - +2 scale mail {rC+}
rPois    .         Spirit   .   (helmet restricted)
rElec    .         Reflect  .   q - +2 cloak
rCorr    .         Harm     .   j - +2 pair of gloves
MR       +....                  (no boots)
Stlth    +.........             t - amulet of Geddedy {Faith Str+2}
HPRegen  0.28/turn              z - +1 ring of evasion
MPRegen  0.16/turn              x - ring of Hasoger {AC+3 Int+4 Dex+6}

@: very slightly contaminated, invisible, very slow
A: retaliatory headbutt, hooves 1, horns 2, repulsion field 1, clever 1, frail
1, low mp 1, weak 1, sturdy frame 1
a: Bend Time, Temporal Distortion, Slouch, Step From Time, Renounce Religion


You were on level 2 of the Orcish Mines.
You worshipped Cheibriados.
Cheibriados was extremely pleased with you.
You were hungry.

You visited 3 branches of the dungeon, and saw 18 of its levels.
You visited the Abyss 1 time.

You collected 1273 gold pieces.

Inventory:

Hand Weapons
 a - a +4 hand crossbow of venom
 b - the +8 war axe "Desm" {chop, +Inv Str+5}
   (You took it off an orc warrior on level 15 of the Dungeon)

   It inflicts extra damage upon your enemies.
   It affects your strength (+5).
   It lets you turn invisible.
 i - a +2 great sword of holy wrath
 s - a +2 longbow of flaming
 y - a +0 hunting sling
 K - a +1 spear of freezing (weapon)
 Z - a +0 great mace
Missiles
 g - 19 tomahawks
 l - 411 arrows
 m - 454 stones
 A - 10 tomahawks of returning (quivered)
 F - 57 sling bullets
 H - 5 needles of confusion
 J - 22 poisoned needles
 Q - 3 javelins
Armour
 j - a +2 pair of gloves (worn)
 k - the +1 leather armour "Qeunac" {rElec MR+}
   (You found it on level 6 of the Dungeon)

   It insulates you from electricity.
   It affects your resistance to hostile enchantments.
 q - a +2 cloak (worn)
 N - +0 fire dragon scales
 T - a +2 scale mail of cold resistance (worn)
 W - a scarf of cloud immunity
Magical Staves
 o - an uncursed staff of energy
 U - an uncursed staff of air {unknown}
Jewellery
 t - the amulet of Geddedy (around neck) {Faith Str+2}
   (You took it off a wight on level 13 of the Dungeon)

   [amulet of faith]

   It allows you to gain divine favour quickly.
   It affects your strength (+2).
 x - the ring of Hasoger (right hand) {AC+3 Int+4 Dex+6}
   (You found it on level 7 of the Dungeon)

   [ring of protection]

   It affects your AC (+3).
   It affects your intelligence (+4).
   It affects your dexterity (+6).
 z - a +1 ring of evasion (left hand)
Wands
 c - a wand of acid (5)
 u - a wand of disintegration (26)
 v - a wand of polymorph (10)
 w - a wand of random effects (28)
 G - a wand of clouds (3)
 V - a wand of digging (23)
 X - a wand of iceblast (5)
Scrolls
 e - 9 scrolls of identify
 n - 8 scrolls of remove curse
 p - 2 scrolls of fear
 r - 2 scrolls of magic mapping
 D - 3 scrolls of teleportation
 E - 4 scrolls of amnesia
Potions
 h - 4 potions of curing
 C - a potion of agility
 S - 2 potions of lignification
 Y - a potion of cancellation
Books
 L - a book of Transfigurations

   Spells                             Type                      Level
   a - Irradiate                      Conjuration/Transmutation    5
   b - Statue Form                    Transmutation/Earth          6
   c - Hydra Form                     Transmutation                6
   d - Dragon Form                    Transmutation                7
Miscellaneous
 B - a sack of spiders
 P - a box of beasts
Comestibles
 f - 30 rations


   Skills:
 * Level 11.8 Fighting
 + Level 1.4(7.1) Axes
 - Level 10.9(11.0) Polearms
 * Level 6.0 Bows
 - Level 14.0 Crossbows
 + Level 11.3 Armour
 + Level 10.9 Dodging
 - Level 0.7 Stealth
 * Level 10.3 Invocations


You had 13 spell levels left.
You didn't know any spells.

Dungeon Overview and Level Annotations

Branches:
Dungeon (15/15)            Temple (1/1) D:5            Lair (0/6) D:8
    Orc (2/2) D:11            Elf (0/3) Orc:2        Vaults (0/5) D:13
 Depths (0/5) D:15

Altars:
Ashenzari
Cheibriados
Dithmenos
Elyvilon
Fedhas
Gozag
Hepliaklqana
Kikubaaqudgha
Makhleb
Nemelex Xobeh
Okawaru
Qazlal
Ru
Sif Muna
Trog
Uskayaw
Vehumet
Wu Jian
Xom
Yredelemnul
Zin
The Shining One

Shops:
D:7 :

Annotations:
D:8 2 runed doors
Orc:2 Donald


Innate Abilities, Weirdness & Mutations

You reflexively headbutt those who attack you in melee.
You have a pair of horns on your head.
You have large cloven feet.
You are surrounded by a mild repulsion field. (EV +2)
Your mind is acute. (Int +2)
You are frail. (-10% HP)
Your magical capacity is low. (-10% MP)
You are weak. (Str -2)
Your movements are slightly less encumbered by armour. (ER -2)


Message History

Donald is moderately wounded.
You are too injured to fight recklessly!
You hit Donald. You freeze Donald. You kick Donald, but do no damage.
Donald blocks your attack.
Donald is heavily wounded.
Donald completely misses you.
You hit Donald but do no damage. Your kick misses Donald.
Your headbutt misses Donald.
Donald is heavily wounded.
Donald completely misses you. You furiously retaliate!
You headbutt Donald. You hit Donald. You freeze Donald.
Donald blocks your attack.
You headbutt Donald!
Donald is severely wounded.
You puncture Donald! You freeze Donald. You kick Donald, but do no damage.
Donald is almost dead.
Donald hits you with a double sword of holy wrath!!
* * * LOW HITPOINT WARNING * * *
You feel better.
Donald hits you with a double sword of holy wrath!!
You die...

##.#......)).#
#...........## ....
##..........# ##.$$.
####.......###......
###>....#........
#...............
##..............
###............
#.#...@.......
###...@....###
#.........#
#......).$.(...
#....)......(..
#...(..)..[)...
..$.(())###..)..
....)....# .....
......(()# .....


You could see Donald.

Vanquished Creatures
  Rupert (D:15)
  Kirke (D:14)
  Nessos (D:13)
  The ghost of rawrhax the Blocker, a journeyman MiFi of Trog (Orc:1)
  Josephine (D:13)
  A fire dragon (D:15)
  Erolcha (D:9)
  A hydra (D:13)
  2 vault guards (D:13)
  3 centaur warriors
  6 two-headed ogres
  An ogre mage (D:15)
  The ghost of arcanemastermind the Magician, a novice GnSk of Okawaru (D:8)
  Urug (D:12)
  Nergalle (D:12)
  3 skeletal warriors (D:13)
  A wizard (D:15)
  An unseen horror (D:8)
  A wolf spider zombie (D:15)
  3 necromancers
  An orc knight (D:15)
  6 ugly things
  The ghost of quill the Grave Robber, a novice GnNe of Cheibriados (D:4)
  5 deep elf magi
  5 cyclopes
  An orc sorcerer (D:15)
  2 manticores
  A naga mage (D:15)
  3 centaur zombies
  The ghost of frimble the Cleaver, a novice MiFi (D:5)
  Psyche (D:12)
  A yaktaur (D:13)
  A komodo dragon (D:12)
  A freezing wraith (D:15)
  7 trolls
  A harpy zombie (D:15)
  A queen bee (D:8)
  A hornet (D:15)
  7 hippogriffs
  A centaur simulacrum (D:15)
  5 flying skulls (Abyss:2)
  A shadow (D:8)
  20 yaks
  19 humans (D:13)
  7 wraiths
  A hog (D:14)
  A basilisk (D:15)
  3 hungry ghosts
  The ghost of quill the Grave Robber, an amateur GnNe (D:3)
  A soldier ant (D:13)
  2 acid dragons
  A hornet zombie (D:5)
  10 orc warriors
  2 ice beasts
  2 black bears
  9 phantoms
  3 sky beasts
  10 ogres
  A necrophage (D:11)
  5 boggarts (D:15)
  2 eyes of draining
  2 crocodiles
  7 centaurs
  A big kobold (D:9)
  5 bullfrogs
  A wyvern zombie (D:13)
  2 gnoll sergeants
  A wyvern skeleton (D:14)
  4 scorpions
  A water moccasin skeleton (D:6)
  20 killer bees
  2 troll zombies (D:11)
  6 wights
  6 howler monkeys
  9 crimson imps
  4 bullfrog zombies
  A quasit (D:11)
  11 hounds
  2 jellies
  13 orc priests
  16 orc wizards
  4 bullfrog skeletons
  6 centaur skeletons
  3 iguanas
  12 worker ants
  Natasha (thrice) (D:4)
  A killer bee zombie (D:7)
  4 ogre zombies (D:11)
  A hound skeleton (D:9)
  Robin (D:2)
  10 adders
  A howler monkey skeleton (D:8)
  12 gnolls
  2 shadow imps
  2 oozes
  3 worms
  A dart slug (D:1)
  5 leopard geckos
  60 orcs
  3 giant cockroaches
  15 goblins
  9 hobgoblins
  13 kobolds
  4 quokkas
  A ball python (D:1)
  4 bats
  7 frilled lizards
  A goblin skeleton (D:11)
  4 hobgoblin zombies (D:11)
  A jackal skeleton (D:5)
  A leopard gecko skeleton (D:4)
  4 orc skeletons
  10 orc zombies (D:11)
  A quokka zombie (D:9)
  7 rats
516 creatures vanquished.

Vanquished Creatures (others)
  2 humans (D:14)
  An orc (D:14)
3 creatures vanquished.

Grand Total: 519 creatures vanquished

Notes
Turn   | Place    | Note
-------+----------+-------------------------------------------
     0 | D:1      | suicidejoker the Minotaur Hunter began the quest for the Orb.
     0 | D:1      | Reached XP level 1. HP: 18/18 MP: 0/0
    78 | D:1      | Reached XP level 2. HP: 25/25 MP: 1/1
   268 | D:1      | Reached skill level 1 in Armour
   588 | D:2      | Reached XP level 3. HP: 30/30 MP: 2/2
   719 | D:2      | Reached skill level 5 in Crossbows
   937 | D:2      | Reached XP level 4. HP: 23/38 MP: 3/3
  1219 | D:2      | Noticed Robin
  1221 | D:2      | Killed Robin
  1563 | D:3      | Reached XP level 5. HP: 38/45 MP: 4/4
  1679 | D:3      | Noticed quill's ghost (amateur GnNe)
  1697 | D:3      | Gained mutation: You have a pair of large horns on your head. [potion of mutation]
  1697 | D:3      | Gained mutation: You passively map a small area around you. [potion of mutation]
  1701 | D:3      | Killed quill's ghost
  1701 | D:3      | Reached skill level 1 in Polearms
  1701 | D:3      | Reached skill level 6 in Crossbows
  1701 | D:3      | Reached XP level 6. HP: 42/52 MP: 5/5
  1855 | D:3      | Lost mutation: You have a pair of large horns on your head. [potion of mutation]
  1855 | D:3      | Gained mutation: You are frail. (-10% HP) [potion of mutation]
  1855 | D:3      | Gained mutation: You are weak. (Str -2) [potion of mutation]
  1855 | D:3      | Gained mutation: You are somewhat resistant to further mutation. [potion of mutation]
  2404 | D:4      | Noticed a fire elemental
  2406 | D:4      | Found a stormy altar of Qazlal.
  2407 | D:4      | Noticed an air elemental
  2408 | D:4      | Noticed a water elemental
  2488 | D:4      | Reached XP level 7. HP: 46/54 MP: 6/6
  2765 | D:4      | Noticed quill's ghost (novice GnNe)
  2792 | D:4      | Killed quill's ghost
  2792 | D:4      | Reached skill level 5 in Fighting
  2792 | D:4      | Reached skill level 7 in Crossbows
  2792 | D:4      | Reached XP level 8. HP: 28/61 MP: 7/7
  3008 | D:4      | Lost mutation: You are somewhat resistant to further mutation. [potion of mutation]
  3008 | D:4      | Lost mutation: You passively map a small area around you. [potion of mutation]
  3008 | D:4      | Gained mutation: You are surrounded by a mild repulsion field. (EV +2) [potion of mutation]
  3008 | D:4      | Gained mutation: You are somewhat resistant to further mutation. [potion of mutation]
  3149 | D:4      | Noticed Natasha
  3153 | D:4      | Killed Natasha
  3153 | D:4      | Reached skill level 5 in Dodging
  3214 | D:4      | Reached skill level 8 in Crossbows
  3426 | D:4      | Noticed Natasha
  3435 | D:4      | Killed Natasha
  3788 | D:4      | Noticed Natasha
  3789 | D:4      | Killed Natasha
  3898 | D:5      | Entered Level 5 of the Dungeon
  3909 | D:5      | Noticed frimble's ghost (novice MiFi)
  3926 | D:5      | Reached skill level 5 in Armour
  3938 | D:5      | Killed frimble's ghost
  4212 | D:5      | Found a glowing silver altar of Zin.
  4233 | D:5      | Reached XP level 9. HP: 67/67 MP: 8/8
  4235 | D:5      | Reached skill level 5 in Polearms
  4282 | D:5      | Reached skill level 9 in Crossbows
  4311 | D:5      | Found a staircase to the Ecumenical Temple.
  4319 | Temple   | Entered the Ecumenical Temple
  4427 | Temple   | Became a worshipper of Cheibriados the Contemplative
  4821 | D:6      | Reached * piety under Cheibriados
  5644 | D:6      | Got a slimy leather armour
  5655 | D:6      | Identified the +1 leather armour "Qeunac" {rElec MR+} (You found it on level 6 of the Dungeon)
  5744 | D:7      | Reached ** piety under Cheibriados
  5757 | D:7      | Reached skill level 10 in Crossbows
  5891 | D:7      | Lost mutation: You are somewhat resistant to further mutation. [potion of mutation]
  5891 | D:7      | Gained mutation: Your magical capacity is low. (-10% MP) [potion of mutation]
  5891 | D:7      | Gained mutation: Your mind is acute. (Int +2) [potion of mutation]
  5891 | D:7      | Gained mutation: You have large cloven feet. [potion of mutation]
  5891 | D:7      | Gained mutation: Your movements are slightly less encumbered by armour. (ER -2) [potion of mutation]
  6048 | D:7      | Found Ogestrul's Book Boutique.
  6073 | D:7      | Got a slimy ivory ring
  6074 | D:7      | Identified the ring of Hasoger {AC+3 Int+4 Dex+6} (You found it on level 7 of the Dungeon)
  6799 | D:8      | Reached XP level 10. HP: 77/77 MP: 8/8
  6805 | D:8      | Got a translucent ring mail
  6816 | D:8      | Identified the +4 ring mail of Curghe Cuti {rPois} (You found it on level 8 of the Dungeon)
  6959 | D:8      | Reached *** piety under Cheibriados
  7048 | D:8      | Found a staircase to the Lair.
  7105 | D:8      | Noticed arcanemastermind's ghost (novice GnSk)
  7120 | D:8      | Killed arcanemastermind's ghost
  7120 | D:8      | Reached skill level 11 in Crossbows
  7158 | D:8      | Found a runed door.
  7161 | D:8      | Found a runed door.
  7161 | D:8      | Found a runed door.
  7328 | D:8      | Reached **** piety under Cheibriados
  7697 | D:8      | Killed an unseen horror
  7697 | D:8      | Reached skill level 1 in Invocations
  7701 | D:8      | Noticed a manticore
  7705 | D:8      | Killed a manticore
  7765 | D:8      | Noticed a red ugly thing
  7778 | D:8      | Killed a red ugly thing
  8219 | D:8      | Reached XP level 11. HP: 85/85 MP: 10/10
  8433 | D:9      | Noticed Erolcha
  8442 | D:9      | Killed Erolcha
  8503 | D:9      | Reached ***** piety under Cheibriados
  8624 | D:9      | Noticed a deep elf mage
  8625 | D:9      | Killed a deep elf mage
  9100 | D:10     | Entered Level 10 of the Dungeon
  9183 | D:10     | Noticed a two-headed ogre
  9186 | D:10     | Killed a two-headed ogre
  9186 | D:10     | Reached skill level 12 in Crossbows
  9492 | D:11     | Noticed a white ugly thing
  9498 | D:11     | Killed a white ugly thing
  9522 | D:11     | Noticed a two-headed ogre
  9531 | D:11     | Killed a two-headed ogre
  9531 | D:11     | Reached skill level 5 in Invocations
  9882 | D:11     | Found a staircase to the Orcish Mines.
 10060 | D:11     | Reached ****** piety under Cheibriados
 10347 | D:11     | Reached XP level 12. HP: 65/94 MP: 13/13
 10779 | D:12     | Noticed Nergalle
 10781 | D:12     | Noticed Psyche
 10784 | D:12     | Killed Nergalle
 10790 | D:12     | Killed Psyche
 11325 | D:12     | Noticed Urug
 11332 | D:12     | Killed Urug
 11332 | D:12     | Reached skill level 13 in Crossbows
 11381 | D:12     | Reached skill level 10 in Fighting
 11982 | D:13     | Noticed a four-headed hydra
 11999 | D:13     | Killed a four-headed hydra
 12015 | D:13     | Noticed a centaur warrior
 12018 | D:13     | Killed a centaur warrior
 12026 | D:13     | Reached skill level 10 in Armour
 12244 | D:13     | Noticed a centaur warrior
 12265 | D:13     | Killed a centaur warrior
 12265 | D:13     | Reached XP level 13. HP: 97/102 MP: 16/16
 12329 | D:13     | Reached skill level 10 in Polearms
 12343 | D:13     | Cast into level 2 of the Abyss (vault guard)
 12557 | Abyss:2  | Reached skill level 10 in Dodging
 12568 | D:13     | Escaped the Abyss
 13026 | D:13     | Noticed Nessos
 13032 | D:13     | Killed Nessos
 13032 | D:13     | Reached skill level 14 in Crossbows
 13205 | D:13     | Got an ancient graven amulet
 13239 | D:13     | Found a gate to the Vaults.
 13378 | D:13     | Reached skill level 1 in Bows
 13518 | D:13     | Noticed Josephine
 13532 | D:13     | Killed Josephine
 13736 | D:14     | Got a fine dagger
 13737 | D:14     | Identified the cursed +0 dagger of Suhaxtama {pain, MR+ MP+9} (You found it on level 14 of the Dungeon)
 13835 | D:14     | Noticed Kirke
 13845 | D:14     | Killed Kirke
 14197 | D:14     | Found a white marble altar of Elyvilon.
 14589 | D:15     | Entered Level 15 of the Dungeon
 14720 | D:15     | Reached XP level 14. HP: 56/111 MP: 2/18
 15104 | D:15     | Noticed Rupert
 15116 | D:15     | Killed Rupert
 15116 | D:15     | Reached skill level 5 in Bows
 15214 | D:15     | Reached skill level 10 in Invocations
 15451 | D:15     | Got a dazzling war axe {chop}
 15452 | D:15     | Identified the +8 war axe "Desm" {chop, +Inv Str+5} (You took it off an orc warrior on level 15 of the Dungeon)
 15456 | D:15     | Identified the amulet of Geddedy {Faith Str+2} (You took it off a wight on level 13 of the Dungeon)
 15606 | D:15     | Found a staircase to the Depths.
 15622 | D:15     | Reached skill level 1 in Axes
 16015 | Orc:1    | Entered Level 1 of the Orcish Mines
 16043 | Orc:1    | Noticed rawrhax's ghost (journeyman MiFi)
 16063 | Orc:1    | Killed rawrhax's ghost
 16356 | Orc:2    | Entered Level 2 of the Orcish Mines
 16356 | Orc:2    | Found a staircase to the Elven Halls.
 16419 | Orc:2    | Noticed Donald
 16449 | Orc:2    | Slain by Donald

Skill      XL: |  1  2  3  4  5  6  7  8  9 10 11 12 13 14 |
---------------+-------------------------------------------+-----
Armour         | 1 2 3 4 5 6 8 9 10 11 | 11.3
Fighting       | 3 4 5 6 7 8 9 10 11 | 11.8
Crossbows      | 5 6 7 8 10 11 12 13 14 | 14.0
Dodging        | 3 4 5 6 7 8 9 10 | 10.9
Polearms       | 1 2 3 4 6 7 8 9 10 | 10.9
Invocations    | 2 5 7 9 10 | 10.3
Bows           | 4 6 |  6.0
Axes           | 1 |  1.4
Stealth        | |  0.7

Action                   |  1- 3 |  4- 6 |  7- 9 | 10-12 | 13-15 || total
-------------------------+-------+-------+-------+-------+-------++-------
Melee: Spear             |       |    16 |    94 |    83 |    33 ||   226
       Headbutt          |       |     2 |    14 |    46 |    53 ||   115
       Flail             |       |       |    25 |    12 |       ||    37
       Dagger            |       |       |     4 |    20 |       ||    24
       Kick              |       |       |     3 |    82 |    83 ||   168
       Hand crossbow     |       |       |       |     1 |       ||     1
       Scimitar          |       |       |       |     6 |    17 ||    23
       Great sword       |       |       |       |       |    35 ||    35
       War axe           |       |       |       |       |    29 ||    29
 Fire: Hand crossbow     |    55 |   155 |   257 |   458 |   242 ||  1167
       Longbow           |       |       |       |       |    41 ||    41
Throw: Tomahawk          |       |       |     9 |     6 |     4 ||    19
Invok: Slouch            |       |       |       |       |    10 ||    10
  Use: Potion            |       |     5 |     7 |     2 |    10 ||    24
       Scroll            |       |       |    17 |    12 |     6 ||    35
 Stab: Sleeping          |       |       |       |     1 |       ||     1
       Invisible         |       |       |       |     2 |       ||     2
  Eat: Chunk             |       |     4 |     6 |    10 |     8 ||    28
       Ration            |       |       |     2 |       |       ||     2
Armor: Leather armour    |       |    15 |    30 |       |       ||    45
       Ring mail         |       |       |       |    46 |       ||    46
       Scale mail        |       |       |       |    18 |    57 ||    75
Dodge: Dodged            |    13 |    36 |   164 |   231 |   210 ||   654
       Rpst.: Scimitar   |       |       |       |     1 |     6 ||     7
       Great sword       |       |       |       |       |    11 ||    11
